 Dungeon Crawl Stone Soup version 0.22.0-32-gbc6daba (webtiles) character file.

205 smcx the Firebug (level 5, -1/38 HPs)
             Began as a Draconian Fire Elementalist on Aug 22, 2018.
             Slain by an orc
             ... wielding a +0 mace
              (3 damage)
             ... on level 4 of the Dungeon on Aug 23, 2018.
             The game lasted 00:20:16 (4272 turns).

smcx the Firebug (Draconian Fire Elementalist)      Turns: 4272, Time: 00:20:17

Health: -1/38      AC:  7    Str: 10    XL:     5   Next: 52%
Magic:  5/9        EV: 12    Int: 17    God:
Gold:   146        SH:  0    Dex: 11    Spells: 5/9 levels left

rFire    . . .     SeeInvis .   e - +2 dagger (protect)
rCold    . . .     Gourm    .   (no shield)
rNeg     . . .     Faith    .   (armour unavailable)
rPois    .         Spirit   .   (helmet restricted)
rElec    .         Reflect  .   (no cloak)
rCorr    .         Harm     .   h - +1 pair of gloves
MR       .....                  (no boots)
Stlth    ++........             k - amulet of magic regeneration
HPRegen  0.12/turn              (no ring)
MPRegen  0.36/turn              (no ring)

@: very slightly contaminated
A: unfitting armour, cold-blooded, AC +5
a: no special abilities


You were on level 4 of the Dungeon.
You were very hungry.

You visited 1 branch of the dungeon, and saw 4 of its levels.

You collected 146 gold pieces.

Inventory:

Hand Weapons
 e - a +2 dagger of protection (weapon)
Missiles
 d - 127 stones (quivered)
Armour
 a - a +0 robe
 h - a +1 pair of gloves (worn)
Jewellery
 k - an amulet of magic regeneration (around neck)
Wands
 n - a wand of iceblast (5)
Scrolls
 c - a scroll of enchant weapon {unknown}
 f - 2 scrolls of identify
 g - 2 scrolls of fog {unknown}
 i - 2 scrolls of magic mapping {unknown}
 j - a scroll of fear {unknown}
 l - a scroll of remove curse {unknown}
 m - a scroll of amnesia {unknown}
Comestibles
 b - 7 rations
 o - 2 chunks of flesh


   Skills:
 + Level 1.1 Short Blades
 + Level 2.6 Dodging
 - Level 1.7 Stealth
 + Level 2.8 Spellcasting
 * Level 3.1 Conjurations
 * Level 4.1 Fire Magic


You had 5 spell levels left.
You knew the following spells:

 Your Spells              Type           Power        Failure   Level  Hunger
a - Flame Tongue          Conj/Fire      ##...        4%          1    #......
c - Conjure Flame         Conj/Fire      ##......     12%         3    ###....

Your spell library contained the following spells:

 Spells                   Type           Power        Failure   Level  Hunger
 Throw Flame              Conj/Fire      ##....       6%          2    ##.....
 Inner Flame              Hex/Fire       #.......     22%         3    ###....
 Sticky Flame             Conj/Fire      ##......     36%         4    #####..
 Fireball                 Conj/Fire      ##........   73%         5    ######.


Dungeon Overview and Level Annotations

Branches:
Dungeon (4/15)
 Temple: D:4-7

Altars:
Gozag
Uskayaw
Zin


Innate Abilities, Weirdness & Mutations

Your plain brown scales are hard. (AC +5)
You cannot fit into any form of body armour.
You are cold-blooded and may be slowed by cold attacks.


Message History

Aim: an orc priest, wielding a dagger The flame tongue hits the orc priest.
The orc priest appears unharmed.
Something hits you.
* * * LOW HITPOINT WARNING * * *
Casting: Flame Tongue (safe; 4% risk of failure)
Confirm with . or Enter, or press ? or * to list all spells.
Aiming: Flame Tongue (safe; 4% risk of failure)
Press: ? - help, Shift-Dir - straight line, f/p - orc priest
Aim: an orc priest, wielding a dagger The flame tongue misses the orc priest.
The orc priest hits you but does no damage.
Casting: Flame Tongue (safe; 4% risk of failure)
Confirm with . or Enter, or press ? or * to list all spells.
Aiming: Flame Tongue (safe; 4% risk of failure)
Press: ? - help, Shift-Dir - straight line, f/p - orc priest
Aim: an orc priest, wielding a dagger The flame tongue hits the orc priest.
The orc priest is lightly wounded.
Something hits you but does no damage. The orc hits you with a mace.
You die...

##...##.#.####
#.#
##.###......#
#.# #.#
###.##.# #.#
#.# #.##.# #.#
#+ #.##.###.#
... #......>.#
.... ###.######
(.... #.#.##
......###..@.##
......'...ooo.#
.....$###....##
..$.. #.#.##
...o #.### ...
... #+ ##.# #..
###


You could see an orc priest and 2 orcs.

Vanquished Creatures
  A howler monkey (D:3)
  A worker ant (D:4)
  A gnoll (D:1)
  4 adders (D:2)
  2 oozes
  2 dart slugs (D:1)
  4 leopard geckos
  4 orcs (D:3)
  4 giant cockroaches
  3 goblins
  3 hobgoblins
  6 jackals
  16 kobolds
  A quokka (D:3)
  15 bats
  6 frilled lizards
  5 rats
78 creatures vanquished.

Notes
Turn   | Place    | Note
-------+----------+-------------------------------------------
     0 | D:1      | smcx the Draconian Fire Elementalist began the quest for the Orb.
     0 | D:1      | Reached XP level 1. HP: 14/14 MP: 3/3
   279 | D:1      | Reached XP level 2. HP: 20/20 MP: 3/5
   783 | D:1      | Reached XP level 3. HP: 26/26 MP: 0/6
  1201 | D:1      | Learned a level 3 spell: Conjure Flame
  1981 | D:2      | Reached XP level 4. HP: 33/33 MP: 4/7
  3356 | D:3      | Noticed a dagger
  3357 | D:3      | Noticed a dagger
  3370 | D:3      | Found a hide-covered altar of Uskayaw.
  3382 | D:3      | Reached XP level 5. HP: 35/38 MP: 5/9
  3577 | D:3      | Reached skill level 1 in Short Blades
  3577 | D:3      | Reached skill level 4 in Fire Magic
  3694 | D:3      | Found an opulent altar of Gozag.
  3694 | D:3      | Found a glowing silver altar of Zin.
  4030 | D:3      | Upgraded the game from 0.22.0-27-ga576289 to 0.22.0-32-gbc6daba
  4272 | D:4      | Slain by an orc

Skill      XL: |  1  2  3  4  5 |
---------------+----------------+-----
Dodging        | 2 |  2.6
Conjurations   | 2 3 |  3.1
Short Blades   | 1 |  1.1
Fire Magic     | 4 |  4.1
Stealth        | |  1.7
Spellcasting   | |  2.8

Action                   |  1- 3 |  4- 6 || total
-------------------------+-------+-------++-------
Melee: Unarmed           |    24 |       ||    24
       Tailslap          |     5 |       ||     5
       Dagger            |       |     7 ||     7
Throw: Stone             |    13 |    11 ||    24
 Cast: Flame Tongue      |    64 |    89 ||   153
       Conjure Flame     |     1 |     4 ||     5
  Use: Scroll            |       |     3 ||     3
  Eat: Chunk             |     4 |     7 ||    11
Armor: Skin              |    11 |     8 ||    19
Dodge: Dodged            |    28 |    36 ||    64
